 Dungeon Crawl Stone Soup version 0.29-a0-819-g94b489e0ae (webtiles) character file.

Game seed: 16539062817382679658

684 kevlar127 the Ruffian (level 7, -1/72 HPs)
             Began as a Troll Berserker on July 6, 2022.
             Was a Priest of Trog.
             Slain by an ogre
             ... wielding a +0 giant club
              (24 damage)
             ... on level 6 of the Dungeon.
             The game lasted 00:06:29 (3137 turns).

kevlar127 the Ruffian (Troll Berserker)             Turns: 3137, Time: 00:06:32

Health: -1/72      AC:  9    Str: 28    XL:     7   Next: 35%
Magic:  6/6        EV: 10    Int:  3    God:    Trog [***...]
Gold:   293        SH:  5    Dex:  9    Spells: 6/6 levels left

rFire   . . .      SeeInvis .     - Unarmed
rCold   . . .      Faith    .   (no shield)
rNeg    . . .      Spirit   .   a - +0 animal skin
rPois   .          Reflect  +   (helmet restricted)
rElec   .          Harm     .   i - +0 cloak
rCorr   .          Rampage  .   (gloves unavailable)
Will    ++...                   (boots unavailable)
Stlth   +.........              k - amulet of reflection
HPRegen 2.02/turn               o - +4 ring of protection
MPRegen 0.10/turn               (no ring)

@: strong-willed, regenerating
A: large, unfitting armour, claws 3, regeneration 1, shaggy fur 1, tough skin 1
a: Renounce Religion, Berserk, Trog's Hand


You were on level 6 of the Dungeon.
You worshipped Trog.
Trog was most pleased with you.
You visited 1 branch of the dungeon, and saw 6 of its levels.

You collected 293 gold pieces.

Inventory:

Missiles
 h - 12 stones (quivered)
 n - 5 boomerangs
Armour
 a - a +0 animal skin (worn)
 i - a +0 cloak (worn)
Jewellery
 k - an amulet of reflection (around neck)
 o - a +4 ring of protection (left claw)
 r - a ring of magical power
 s - the amulet of the Ancients {RegenMP Harm rElec Dex-4}
   (You found it on level 6 of the Dungeon)

   [amulet of magic regeneration]

   It increases your rate of magic regeneration.
   Dex:       It affects your dexterity (-4).
   rElec:     It insulates you from electricity.
   Harm:      It increases damage dealt and taken.
Wands
 q - a wand of quicksilver (12)
Scrolls
 b - 3 scrolls of blinking {unknown}
 c - 5 scrolls of teleportation {unknown}
 d - 6 scrolls of identify {unknown}
 e - a scroll of fear {unknown}
 f - 2 scrolls of amnesia {unknown}
 g - a scroll of enchant weapon {unknown}
 p - 2 scrolls of noise {unknown}
Potions
 j - 3 potions of mutation {unknown}
 l - 2 potions of curing {unknown}
 m - a potion of flight {unknown}


   Skills:
 + Level 5.1 Fighting
 + Level 0.8 Throwing
 - Level 3.0 Dodging
 + Level 6.2 Unarmed Combat


You had 6 spell levels left.
You didn't know any spells.
Your spell library was empty.

Dungeon Overview and Level Annotations

Branches:
Dungeon (6/15)
 Temple: D:4-7

Altars:
Dithmenos
Nemelex Xobeh
Uskayaw
Zin

Shops:
D:2 ?


Innate Abilities, Weirdness & Mutations

You are too large for most types of armour.
You have claws for hands.
Your natural rate of healing is unusually fast.
You are covered in fur. (AC +1)
You have tough skin. (AC +1)


Message History

An orc comes into view. It is wielding a +0 war axe.
The orc shouts! x2
An orc comes into view. It is wielding a +0 whip.
The orc shouts!
The gnoll shouts!
You mangle the gnoll!!
You kill the gnoll!
Trog accepts your kill.
You hear a shout!
An orc comes into view. It is wielding a +0 club.
An orc and an orc wizard come into view.
Found three items.
The orc shouts! x2; The orc wizard shouts!
You block the gnoll's attack.
You barely miss the ogre. You barely miss the ogre.
The ogre hits you with a +0 giant club! The gnoll hits you but does no damage.
The gnoll closely misses you.
The gnoll hits you from afar with a +0 halberd!
You scratch the ogre.
The ogre is lightly wounded.
The gnoll closely misses you. The gnoll completely misses you.
The ogre hits you with a +0 giant club.
You barely miss the ogre.
The ogre is lightly wounded.
The gnoll barely misses you. You block the gnoll's attack.
The orc hits you but does no damage.
The gnoll hits you from afar with a +0 halberd.
You claw the ogre!
The ogre is heavily wounded.
The gnoll hits you from afar with a +0 halberd!
You block the gnoll's attack. The orc hits you with a +0 war axe!
The ogre barely misses you. The orc hits you with a +0 flail.
The gnoll hits you with a +0 flail.
You are too injured to fight recklessly!
Your skin crawls.
You feel strong-willed. The orc closely misses you.
The gnoll barely misses you.
The gnoll hits you from afar with a +0 halberd.
The gnoll barely misses you.
The ogre hits you with a +0 giant club!!
You die...

# #.# #........ #?#..
#.# #........ #.#.. #.#
##....... #....# #.#
#........ ......##.##
#........ ..........#
###........
.......o..####..........
.....ooo.)..##.#........
.....oO@g.#.## ##.......
.......o....... ##<.....
.......gg.##...#.......#
:.#.##....# ............
$ #. #.......##.###.###.
# .....## #. #.# .
......# # #.# . .######
#.# .#


You could see an ogre, an orc wizard, 3 gnolls and 5 orcs.

Vanquished Creatures
  2 black bears (D:5)
  A necrophage (D:4)
  A scorpion (D:5)
  2 jellies
  2 hounds (D:5)
  3 iguanas
  An orc wizard (D:4)
  A gnoll (D:6)
  3 adders
  2 white imps (D:5)
  An ufetubus (D:5)
  A worm (D:2)
  2 dart slugs (D:3)
  14 orcs
  7 ball pythons
  4 bats
  10 endoplasms
  4 giant cockroaches
  5 goblins
  2 hobgoblins
  11 kobolds
  5 quokkas
  4 frilled lizards
  6 rats (D:3)
94 creatures vanquished.

Notes
Turn   | Place    | Note
-------+----------+-------------------------------------------
     0 | D:1      | kevlar127 the Troll Berserker began the quest for the Orb.
     0 | D:1      | Reached XP level 1. HP: 22/22 MP: 0/0
   136 | D:1      | Found a faded altar of an unknown god.
   161 | D:1      | Reached XP level 2. HP: 29/29 MP: 1/1
   605 | D:2      | Reached XP level 3. HP: 36/36 MP: 2/2
   660 | D:2      | Reached ** piety under Trog
   665 | D:2      | Found Menli Aqeull's Magic Scroll Shoppe.
   951 | D:3      | Found a sparkling altar of Nemelex Xobeh.
  1446 | D:4      | Reached XP level 4. HP: 45/45 MP: 3/3
  1450 | D:4      | Noticed a necrophage
  1455 | D:4      | Killed a necrophage
  1456 | D:4      | Reached skill level 4 in Unarmed Combat
  1609 | D:4      | Found a hide-covered altar of Uskayaw.
  1644 | D:4      | Reached XP level 5. HP: 53/53 MP: 4/4
  1783 | D:4      | Reached *** piety under Trog
  2188 | D:5      | Entered Level 5 of the Dungeon
  2190 | D:5      | Noticed a black bear
  2203 | D:5      | Killed a black bear
  2204 | D:5      | Reached skill level 5 in Unarmed Combat
  2204 | D:5      | Reached XP level 6. HP: 8/62 MP: 5/5
  2467 | D:5      | Found a shadowy altar of Dithmenos.
  2682 | D:5      | Reached XP level 7. HP: 48/71 MP: 6/6
  2687 | D:5      | Reached skill level 6 in Unarmed Combat
  2755 | D:5      | Found a glowing silver altar of Zin.
  2865 | D:5      | Reached skill level 5 in Fighting
  3083 | D:6      | Identified the amulet of the Ancients {RegenMP Harm rElec
                  | Dex-4}
  3137 | D:6      | Slain by an ogre

Illustrated notes

Levels and vault maps discovered:
D:1:      scummos_arrival_forest, layout_rooms,
          dilly_ecumenical_altar_fadedgnrine
D:2:      layout_rooms, serial_shops, nicolae_lakefront_shop
D:3:      layout_basic, lemuel_crystal_altar, minmay_surrounded
D:4:      layout_basic, kennysheep_little_box, chequers_serial_rivers_small_3,
          kennysheep_generic_room_3
D:5:      layout_rooms, mainiacjoe_overflow_surrounded_room,
          mainiacjoe_overflow_concentric_impassable, grunt_decor_junction
D:6:      layout_rooms, gup_sewer_entry_bubbles, nicolae_ossuary_entry_giza,
          serial_shops, shop

Skill      XL: |  1  2  3  4  5  6  7 |
---------------+----------------------+-----
Fighting       | 3 4 5 |  5.1
Dodging        | 3 |  3.0
Unarmed Combat | 4 5 6 |  6.2
Throwing       | |  0.8

Action                   |  1- 3 |  4- 6 |  7- 9 || total
-------------------------+-------+-------+-------++-------
Melee: Unarmed           |   111 |    70 |    29 ||   210
       Punch             |     3 |     1 |     1 ||     5
Invok: Berserk           |       |     1 |       ||     1
       Trog's Hand       |       |       |     1 ||     1
Armor: Animal skin       |    41 |    23 |     7 ||    71
Dodge: Dodged            |    51 |    26 |    22 ||    99
Block: Other             |     1 |    14 |     8 ||    23

Table legend: (Time is in decaauts)
 A = Elapsed time spent in this place.
 B = Non-inter-level travel time spent in this place.
 C = Inter-level travel time spent in this place.
 D = Time resting spent in this place.
 E = Time spent auto-exploring this place.
 F = Levels seen in this place.
 G = Mean time per level.
                   A        B        C        D        E       F      G
               +--------+--------+--------+--------+--------+-----+--------+
         Total |   3134 |   2959 |    175 |    280 |   2141 |   6 |  522.3 |
       Dungeon |   3134 |   2959 |    175 |    280 |   2141 |   6 |  522.3 |
               +--------+--------+--------+--------+--------+-----+--------+

Top non-repeatable levels by time:
     D:5: 855 daAuts
     D:4: 814 daAuts
     D:3: 492 daAuts
     D:1: 485 daAuts
     D:2: 391 daAuts
     D:6: 95 daAuts
